 Dungeon Crawl Stone Soup version 0.30-a0-639-g3916f1956a (webtiles) character file.

Game seed: 490004061168723775

70 sokol815 the Digger (level 4, -1/27 HPs)
             Began as an Octopode Earth Elementalist on Jan 16, 2023.
             Slain by a goblin
             ... wielding a +1 dagger of speed
             ... led by Robin
              (4 damage)
             ... on level 2 of the Dungeon.
             The game lasted 00:03:14 (1508 turns).

sokol815 the Digger (Octopode Earth Elementalist)   Turns: 1508, Time: 00:03:15

Health: -1/27      AC:  1    Str:  7    XL:     4   Next: 22%
Magic:  4/7        EV: 14    Int: 19    God:
Gold:   76         SH:  0    Dex: 18    Spells: 6/7 levels left

rFire   . . .      SeeInvis .    a - +0 spear
rCold   + . .      Faith    .    (no shield)
rNeg    . . .      Spirit   .    (helmet restricted)
rPois   .          Reflect  .    (no amulet)
rElec   .          Harm     .    C - ring of protection from cold {rC+, !d}
rCorr   .          Rampage  .    l - +6 ring of dexterity
Will    .....                    (no ring)
Stlth   ++++                     (no ring)
HPRegen 0.24/turn                (no ring)
MPRegen 0.10/turn                (no ring)
                                 (no ring)
                                 (no ring)

@: no status effects
A: almost no armour, amphibious, 8 rings, camouflage 1, gelatinous body 1,
(nimble swimmer 1), tentacles
a: no special abilities


You were on level 2 of the Dungeon.
You visited 1 branch of the dungeon, and saw 3 of its levels.

You collected 76 gold pieces.

Inventory:

Hand Weapons
 a - a +0 spear (weapon)
   (You found it on level 1 of the Dungeon)
 j - a +2 dagger of holy wrath
   (You took it off a goblin on level 1 of the Dungeon)
Missiles
 f - 6 silver boomerangs
 g - 6 poisoned darts
 s - 13 stones
Jewellery
 l - a +6 ring of dexterity (right tentacle)
   (You found it on level 2 of the Dungeon)
 C - a ring of protection from cold (left tentacle) {rC+, !d}
   (You found it on level 1 of the Dungeon)
Scrolls
 b - 2 scrolls of immolation {unknown}
 c - 2 scrolls of teleportation {unknown}
 e - 2 scrolls of identify {unknown}
 h - a scroll of acquirement {unknown}
 k - 2 scrolls of fear {unknown}
 n - a scroll of amnesia {unknown}
Potions
 d - a potion of curing {unknown}
 i - a potion of degeneration {unknown}
 m - a potion of brilliance {unknown}
 o - a potion of ambrosia {unknown}
 M - a potion of magic


   Skills:
 + Level 2.5 Dodging
 + Level 3.4 Stealth
 + Level 2.4 Spellcasting
 + Level 1.7 Transmutations
 * Level 3.7 Earth Magic


You had 6 spell levels left.
You knew the following spells:

 Your Spells              Type           Power      Damage    Failure   Level
a - Sandblast             Erth           32%        2d9       3%          1

Your spell library contained the following spells:

 Spells                   Type           Power      Damage    Failure   Level
 Passwall                 Tmut/Erth      10%        N/A       8%          2
 Stone Arrow              Conj/Erth      18%        3d8       22%         3
 Petrify                  Tmut/Erth      12%        N/A       45%         4


Dungeon Overview and Level Annotations

Branches:
Dungeon (3/15) Zot: 16467

Altars:
Wu Jian

Annotations:
D:2 Robin
D:3 Ijyb


Innate Abilities, Weirdness & Mutations

You cannot wear most types of armour.
You are amphibious.
You can wear up to eight rings at the same time.
Your skin changes colour to match your surroundings (Stealth+).
Your rubbery body absorbs attacks. (AC +1, EV +1)
((You are camouflaged when in or above water. (Stealth+)))
You have tentacles for arms and can constrict up to eight enemies at once.


Message History

MP restored: 6 You enter the shallow water.
Found an ornate altar of the Wu Jian Council.
Done exploring.
Done exploring.
(D) Dungeon
Where to? (Enter - D:2, ? - help)
There is a stone staircase leading up here.
There is a stone staircase leading down here.
You climb downwards.
Found a stone staircase leading down.
There is a stone staircase leading up here.
Ijyb and a hound come into view.
Ijyb is wielding a +0 club and carrying a wand of flame (9).
The hound stops to sniff the ground.
There is a stone staircase leading up here.
The hound misses you. The hound closely misses you.
You climb upwards.
There is a stone staircase leading down here.
Aim: a hound (75% to hit)
You miscast Sandblast.
You are very lightly contaminated with residual magic.
Nothing appears to happen.
The hound bites you. The hound barely misses you.
You take 2 damage, and have 19/21 hp.
You now have 5/6 mp.
Aim: a hound (75% to hit)
The blast of sand hits the hound.
The hound closely misses you. The hound barely misses you.
You now have 4/6 mp.
Aim: a hound (moderately wounded, 75% to hit)
The blast of sand hits the hound!
The hound bites you. The hound closely misses you.
You take 1 damage, and have 18/21 hp.
You now have 3/6 mp.
Aim: a hound (severely wounded, 75% to hit)
The blast of sand misses the hound.
The hound bites you. x2
You take 5 damage, and have 13/21 hp.
MASSIVE DAMAGE!!
You now have 2/6 mp.
Aim: a hound (severely wounded, 75% to hit)
The blast of sand hits the hound!
You kill the hound!
Your magical contamination has completely faded away.
You have reached level 4!
You regained 4 hp, and now have 17/27 hp.
You now have 1/7 mp.
You start resting.
Health restored: 27; MP restored: 7
Okay, then.
There is a stone staircase leading up here.
There is a stone staircase leading down here.
You climb downwards.
Level annotation: Ijyb The goblin shouts!
The ball python hisses angrily.
The hobgoblin shouts!
Robin shouts!
The goblin shouts! x4; The hobgoblin shouts!
You hear a shout!
The goblin shouts!
The hobgoblin shouts!
You hear a shout!
There is a stone staircase leading up here.
The goblin barely misses you. The goblin hits you with a +0 dagger.
The goblin misses you.
Robin says, "My army is invincible!"
The hobgoblin closely misses you. The goblin hits you with a +0 dagger.
The goblin misses you.
You climb upwards.
There is a stone staircase leading down here.
You take 3 damage, and have 24/27 hp.
Aim: Robin, wielding a +0 short sword, wearing a +0 animal skin and wearing a +0 helmet (87% to hit)
The blast of sand hits Robin!
The goblin misses you. The goblin hits you with a +0 dagger.
The goblin closely misses you.
The goblin hits you with a +1 dagger of speed.
The goblin barely misses you.
The goblin hits you with a +1 dagger of speed.
The goblin closely misses you. x2
You take 6 damage, and have 18/27 hp.
MASSIVE DAMAGE!!
You now have 6/7 mp.
Aim: Robin, wielding a +0 short sword, wearing a +0 animal skin and wearing a +0 helmet (heavily wounded, 87% to hit)
The blast of sand misses Robin.
The blast of sand hits the hobgoblin!
You kill the hobgoblin!
The goblin hits you with a +1 dagger of speed.
The goblin hits you with a +0 dagger. The goblin misses you.
The goblin closely misses you. The goblin misses you.
You take 7 damage, and have 11/27 hp.
MASSIVE DAMAGE!!
You now have 5/7 mp.
Unknown command.
Okay, then.
Aim: Robin, wielding a +0 short sword, wearing a +0 animal skin and wearing a +0 helmet (heavily wounded, 87% to hit)
The blast of sand hits Robin.
Robin hits you with a +0 short sword.
* * * LOW HITPOINT WARNING * * *
The goblin barely misses you.
The goblin hits you with a +1 dagger of speed.
* * * LOW HITPOINT WARNING * * *
The goblin hits you with a +0 dagger.
* * * LOW HITPOINT WARNING * * *
The goblin barely misses you.
The goblin hits you with a +1 dagger of speed.
You die...

#......# ####### #.####.##
#.....# # #.# #..###
#.....### #.# ##...#
####.....#.[ #.# ###.####
#........... #>#
#....#####.##........ #.#
####..........###....
#####.# #gg##...#### ###..
......# ###@g#..### #..
......#
##.gg##.############.
......## #..#†...#
#......##.. .......#
###.###..####......##..
.......####...# #..#
#.......##..
#..##....##.######.#
#.##..####..
#.###.##....###....###.#..##
#.. #.#
#.##.####............## ##.
#.###.#..# #.[#.####.#..##
##


You could see Robin and 4 goblins.

Vanquished Creatures
  A hound (D:2)
  A worm (D:2)
  4 ball pythons
  3 endoplasms
  A giant cockroach (D:2)
  4 goblins (D:1)
  2 hobgoblins
  3 kobolds (D:2)
  2 quokkas (D:1)
  4 bats (D:2)
  4 frilled lizards
  7 rats
36 creatures vanquished.

Notes
Turn   | Place    | Note
-------+----------+-------------------------------------------
     0 | D:1      | sokol815 the Octopode Earth Elementalist began the quest
                  | for the Orb.
     0 | D:1      | Reached XP level 1. HP: 11/11 MP: 3/3
   208 | D:1      | Reached XP level 2. HP: 17/17 MP: 3/5
   342 | D:1      | Reached skill level 3 in Stealth
   677 | D:2      | Reached XP level 3. HP: 21/21 MP: 0/6
  1352 | D:2      | Found an ornate altar of the Wu Jian Council.
  1398 | D:3      | Noticed Ijyb
  1409 | D:2      | Reached XP level 4. HP: 17/27 MP: 1/7
  1503 | D:3      | Noticed Robin
  1508 | D:2      | HP: 4/27 [goblin/+1 dagger of speed[Robin] (4)]
  1508 | D:2      | Slain by a goblin

Illustrated notes

Levels and vault maps discovered:
D:1:      lemuel_arrival_cross, layout_rooms
D:2:      wander_river, layout_rooms, basic_altar, minmay_misc_feat_iff
D:3:      layout_loops_cross, lexackson_kobold_supper, uniq_robin, uniq_ijyb

Skill      XL: |  1  2 |
---------------+-------+-----
Stealth        | 3 |  3.4
Dodging        | |  2.5
Spellcasting   | |  2.4
Transmutations | |  1.7
Earth Magic    | |  3.7

Action                   |  1- 3 |  4- 6 || total
-------------------------+-------+-------++-------
Melee: Spear             |     5 |       ||     5
       Constrict         |     2 |       ||     2
       Tentacles         |     1 |       ||     1
 Cast: Sandblast         |    46 |     3 ||    49
Armor: Skin              |     1 |       ||     1
Dodge: Dodged            |     7 |    14 ||    21

Table legend: (Time is in decaauts)
 A = Elapsed time spent in this place.
 B = Non-inter-level travel time spent in this place.
 C = Inter-level travel time spent in this place.
 D = Time resting spent in this place.
 E = Time spent auto-exploring this place.
 F = Levels seen in this place.
 G = Mean time per level.
                   A        B        C        D        E       F      G
               +--------+--------+--------+--------+--------+-----+--------+
         Total |   1531 |   1435 |     96 |     83 |   1143 |   3 |  510.3 |
       Dungeon |   1531 |   1435 |     96 |     83 |   1143 |   3 |  510.3 |
               +--------+--------+--------+--------+--------+-----+--------+

Top non-repeatable levels by time:
     D:2: 845 daAuts
     D:1: 678 daAuts
     D:3: 7 daAuts

Table legend:
 A = Kills in this place as a percentage of kills in entire the game.
 B = Kills by you in this place as a percentage of kills by you in the entire game.
 C = Kills by friends in this place as a percentage of kills by friends in the entire game.
 D = Other kills in this place as a percentage of other kills in the entire game.
 E = Experience gained in this place as a percentage of experience gained in the entire game.
 F = Experience gained in this place divided by the number of levels of this place that you have seen.
                   A       B       C       D       E      F
               +-------+-------+-------+-------+-------+----------------------
         Total | 100.0 | 100.0 |   N/A |   N/A | 100.0 |  33.7
       Dungeon | 100.0 | 100.0 |   N/A |   N/A | 100.0 |  33.7
               +-------+-------+-------+-------+-------+----------------------
